 Dungeon Crawl Stone Soup version 0.24.0-2-g5b39cebb1c (webtiles) character file.

Game seed: 7110347206887995589, levelgen mode: deterministic

0 Esekla the Skirmisher (level 1, 0/13 HPs)
             Began as a Vampire Abyssal Knight on Oct 30, 2019.
             Was a Follower of Lugonu.
             Slain by a spectral five-headed hydra (2 damage)
             ... called from beyond by a revenant
             ... on level 1 of the Abyss.
             The game lasted 00:01:49 (158 turns).

Esekla the Skirmisher (Vampire Abyssal Knight)       Turns: 158, Time: 00:01:49

Health: 0/13       AC:  3    Str: 11    XL:     1   Next: 0%
Magic:  2/2        EV: 12    Int: 14    God:    Lugonu [*.....]
Gold:   0          SH:  0    Dex: 13    Spells: 0/0 levels left

rFire    . . .     SeeInvis +   a - +1 falchion
rCold    + + .     Gourm    .   (no shield)
rNeg     + + +     Faith    .   b - +0 leather armour
rPois    ∞         Spirit   .   (no helmet)
rElec    .         Reflect  .   (no cloak)
rCorr    .         Harm     .   (no gloves)
MR       .....                  (no boots)
Stlth    +++.......             (no amulet)
HPRegen  0.00/turn              (no ring)
MPRegen  0.08/turn              (no ring)

@: bloodless, regenerating quickly
A: no food, fangs 3, see invisible, unbreathing
a: Revivify, Depart the Abyss, Renounce Religion


You were on level 1 of the Abyss.
You worshipped Lugonu.
Lugonu was aware of your devotion.
You were bloodless.

You visited 0 branches of the dungeon, and saw 0 of its levels.
You visited the Abyss 1 time.

Inventory:

Hand Weapons
 a - a +1 falchion (weapon)
Armour
 b - a +0 leather armour (worn)
Scrolls
 c - a scroll of magic mapping {unknown}
 d - a scroll of teleportation {unknown}


   Skills:
 + Level 2.6 Fighting
 * Level 2.0 Long Blades
 + Level 0.7 Armour
 + Level 2.1 Dodging
 + Level 1.5 Invocations


You couldn't memorise any spells.
You didn't know any spells.
Your spell library was empty.

Dungeon Overview and Level Annotations

Branches:
Dungeon (0/15)

Altars:


Innate Abilities, Weirdness & Mutations

You do not eat.
You do not regenerate when monsters are visible.
You are frail without blood (-20% HP).
You can heal yourself when you bite living creatures.
You are immune to poison.
You have razor-sharp teeth.
You have supernaturally acute eyesight. (SInv)
You can survive without breathing.


Message History

A smoke demon comes into view.
Found a scroll labeled UBIABI WESMUG.
The wraith barely misses you.
You see here a scroll labeled UBIABI WESMUG.
d - a scroll labeled UBIABI WESMUG The wraith hits you but does no damage.
A storm dragon zombie comes into view.
A revenant comes into view.
A shadow wraith comes into view.
Found a robe.
A lurking horror comes into view.
The revenant shouts!
The revenant conjures spectral mists around you.
The spectral mist engulfs the wraith but does no damage.
The spectral five-headed hydra bites you!
Ouch! That really hurt!
* * * LOW HITPOINT WARNING * * *
The spectral five-headed hydra barely misses you.
The spectral five-headed hydra bites you.
You die...

... #≈ #..#≈ #.#≈≈ ≈≈≈≈
..## ≈≈# ##... ≈ #.##
..... # ≈≈≈ ###..#
....#.. #..#.#.W###
..#....
#...@##..##.#.#...
....#..Z####.###.#..##.
. ...#.#. §§○# .§###...
#.# .#...§§ ☼#.§...# .
# ... ##.#§Z○..... ..
..# ..#..§○..##. . §#.
#§..#.#§#.#.... .#!#
#..###..##.... # #. .§
##.§..


You could see a spectral five-headed hydra and a wraith.

Vanquished Creatures (others)
  A lurking horror (Abyss:1)
1 creature vanquished.

Notes
Turn   | Place    | Note
-------+----------+-------------------------------------------
     0 | Abyss:1  | Esekla the Vampire Abyssal Knight began the quest for the
                  | Orb.
     0 | Abyss:1  | Reached XP level 1. HP: 17/17 MP: 2/2
    33 | Abyss:1  | Noticed a purple very ugly thing
    55 | Abyss:1  | Noticed a wraith
    82 | Abyss:1  | Noticed a wolf spider zombie
    90 | Abyss:1  | Noticed a smoke demon
   134 | Abyss:1  | Noticed a storm dragon zombie
   141 | Abyss:1  | Noticed a revenant
   143 | Abyss:1  | Noticed a shadow wraith
   155 | Abyss:1  | Noticed a spectral five-headed hydra
   157 | Abyss:1  | Noticed a spectral five-headed hydra
   158 | Abyss:1  | Slain by a spectral five-headed hydra

Levels and vault maps discovered:
Abyss:1:  guppyfry_abyss_exit_glass_guarded, evilmike_abyss_exit_glass,
          minivault_1

Action                   || total
-------------------------++-------
 Abil: Exsanguinate      ||     1
Armor: Leather armour    ||     1
Dodge: Dodged            ||     2
